 Dungeon Crawl Stone Soup version 0.31-a0-1074-g0b22e4e0f1 (webtiles) character file.

Game seed: 16768245170792408834

58 Dirtsage the Slasher (level 3, 0/29 HPs)
             Began as a Demonspawn Monk on Nov 26, 2023.
             Slain by a gnoll
             ... wielding a +1 heavy halberd
              (3 damage)
             ... on level 2 of the Dungeon.
             The game lasted 00:01:11 (632 turns).

Dirtsage the Slasher (Demonspawn Monk)               Turns: 632, Time: 00:01:11

Health: 0/29       AC:  7    Str: 11    XL:     3   Next: 75%
Magic:  3/3        EV: 11    Int: 11    God:
Gold:   66         SH:  0    Dex: 17    Spells: 2/2 levels left

rFire   . . .        a - +0 falchion
rCold   . . .        d - orb {light}
rNeg    . . .        p - +0 ring mail
rPois   .            (no helmet)
rElec   .            (no cloak)
rCorr   .            (no gloves)
SInv    .            (no boots)
Will    .....        (no amulet)
Stlth   +            (no ring)
HPRegen 0.24/turn    (no ring)
MPRegen 0.08/turn

%: no passive effects
@: glowing
A: molten scales 1, demonic magic 1
a: no special abilities


You were on level 2 of the Dungeon.
You visited 1 branch of the dungeon, and saw 2 of its levels.

You collected 66 gold pieces.

Inventory:

Hand Weapons
 a - a +0 falchion (weapon)
Armour
 b - a +0 robe
 d - an orb of light (worn)
 f - a +0 leather armour
 p - a +0 ring mail (worn)
Magical Staves
 j - a staff of death
Scrolls
 g - a scroll of fear {unknown}
 h - a scroll of poison {unknown}
 m - a scroll of acquirement {unknown}
 n - a scroll of blinking {unknown}
Potions
 c - a potion of ambrosia
 e - 2 potions of lignification {unknown}
 i - a potion of curing {unknown}
 k - a potion of mutation {unknown}
 l - a potion of degeneration {unknown}
 o - 2 potions of haste {unknown}


   Skills:
 - Level 3.0 Fighting
 + Level 4.3 Long Blades
 - Level 2.6 Dodging


You had 2 spell levels left.
You didn't know any spells.
Your spell library was empty.

Dungeon Overview and Level Annotations

Branches:
Dungeon (2/15)

Altars:


Innate Abilities, Weirdness & Mutations

You are partially covered in molten scales. (AC +2)
Spells you cast may paralyse adjacent enemies.


Message History

You hit the kobold.
The kobold is moderately wounded.
The kobold misses you.
You hit the kobold.
The kobold is severely wounded.
The kobold hits you with a +0 club.
You take 1 damage, and have 28/29 hp.
You hit the kobold.
You kill the kobold!
Health restored: 29 You see here a +0 club.
You see here a +0 ring mail.
You start removing your armour.
You continue taking off your +0 leather armour. x4
You finish taking off your +0 leather armour.
You start putting on your armour.
You continue putting on your +0 ring mail. x5
You finish putting on your +0 ring mail.
You now have 66 gold pieces (gained 14).
You open the door. 3 gnolls come into view.
A gnoll is wielding a +1 heavy halberd.
The gnoll shouts! x2
There is an open door here.
The gnoll hits you from afar with a +0 spear.
You take 5 damage, and have 24/29 hp.
The gnoll attacks as it pursues you! The gnoll hits you but does no damage.
The gnoll hits you but does no damage.
You slash the gnoll!
The gnoll is heavily wounded.
The gnoll hits you from afar with a +1 heavy halberd!!
Ouch! That really hurt!
* * * LOW HITPOINT WARNING * * *
The gnoll barely misses you.
You take 20 damage, and have 4/29 hp.
MASSIVE DAMAGE!!
You hit the gnoll.
The gnoll is severely wounded.
The gnoll hits you with a +0 whip.
* * * LOW HITPOINT WARNING * * *
The gnoll hits you from afar with a +1 heavy halberd.
You die...

####### ..#
#####.....####### ###.#
#..[#.#.........# ..#.#
#.#.#.#...gg....#
.##.###.#.#.#...@.g...#
........>.#.###'#######
....##...##.#...#
)...##....#.#.###
#....)......#.#
#.#.#.........#
#.#.#..#.######
+.#.#..#.# ###.#..#.#


You could see 3 gnolls.

Vanquished Creatures
  Jessica (D:2)
  3 endoplasms (D:1)
  A giant cockroach (D:1)
  2 goblins (D:1)
  2 hobgoblins (D:1)
  6 jackals
  2 ball pythons
  2 bats (D:1)
  3 frilled lizards (D:1)
  5 kobolds
  6 rats (D:1)
33 creatures vanquished.

Notes
Turn   | Place    | Note
-------+----------+-------------------------------------------
     0 | D:1      | Dirtsage the Demonspawn Monk began the quest for the Orb.
     0 | D:1      | Reached XP level 1. HP: 18/18 MP: 1/1
    73 | D:1      | Reached skill level 3 in Long Blades
   123 | D:1      | Gained mutation: Spells you cast may paralyse adjacent
                  | enemies. [demonic ancestry]
   123 | D:1      | Reached XP level 2. HP: 24/24 MP: 2/2
   559 | D:2      | Noticed Jessica
   564 | D:2      | Gained mutation: You are partially covered in molten
                  | scales. (AC +2) [demonic ancestry]
   564 | D:2      | Reached XP level 3. HP: 26/29 MP: 3/3
   566 | D:2      | Killed Jessica
   567 | D:2      | Reached skill level 4 in Long Blades
   632 | D:2      | Slain by a gnoll

Illustrated notes

Levels and vault maps discovered:
D:1:      dpeg_arrival_pond, layout_rooms, minmay_octomino_e4
D:2:      layout_basic, serial_shops, shop, uniq_jessica, uniq_robin,
          uniq_terence

Skill      XL: |  1  2  3 |
---------------+----------+-----
Long Blades    | 3 4 |  4.3
Fighting       | |  3.0
Dodging        | |  2.6

Action                     || total
---------------------------++-------
  Melee: Falchion          ||    67
 Armour: Leather armour    ||    34
         Robe              ||     4
         Ring mail         ||     6
  Dodge: Dodged            ||    51

Table legend: (Time is in decaauts)
 A = Elapsed time spent in this place.
 B = Non-inter-level travel time spent in this place.
 C = Inter-level travel time spent in this place.
 D = Time resting spent in this place.
 E = Time spent auto-exploring this place.
 F = Levels seen in this place.
 G = Mean time per level.
                   A        B        C        D        E       F      G
               +--------+--------+--------+--------+--------+-----+--------+
         Total |    640 |    616 |     24 |      0 |    405 |   2 |  320.0 |
       Dungeon |    640 |    616 |     24 |      0 |    405 |   2 |  320.0 |
               +--------+--------+--------+--------+--------+-----+--------+

Top non-repeatable levels by time:
     D:1: 559 daAuts
     D:2: 81 daAuts
